 Dungeon Crawl Stone Soup version 0.30-b1-2-g02819fbbbe (webtiles) character file.

Game seed: 3452340137439235546

1020 redmage the Digger (level 8, -6/57 HPs)
             Began as a Meteoran Earth Elementalist on Aug 8, 2023.
             Mangled by Pikel
             ... wielding a +2 whip of electrocution
              (7 damage)
             ... on level 6 of the Dungeon.
             The game lasted 00:20:36 (1421 turns).

redmage the Digger (Meteoran Earth Elementalist)    Turns: 1421, Time: 00:20:36

Health: -6/57      AC:  5    Str:  9    XL:     8   Next: 74%
Magic:  6/13       EV: 12    Int: 19    God:
Gold:   254        SH:  0    Dex: 15    Spells: 3/13 levels left

rFire   + + .        j - +2 dagger (flame)
rCold   . . .        (no shield)
rNeg    . . .        f - +2 leather armour {rF+}
rPois   .            (no helmet)
rElec   .            (no cloak)
rCorr   .            (no gloves)
SInv    .            (no boots)
Will    +....        (no amulet)
Stlth   +            a - ring of protection from fire
HPRegen 0.29/turn    (no ring)
MPRegen 0.13/turn

%: no passive effects
@: hasted, glowing, very quick
A: sense surroundings 1, otherworldly, glowing, explore regen
a: no special abilities


You were on level 6 of the Dungeon.
You visited 1 branch of the dungeon, and saw 7 of its levels.

You collected 254 gold pieces.

Inventory:

Hand Weapons
 j - a +2 dagger of flaming (weapon)
Armour
 c - the +1 ring mail of Winter {rC- Int+2 Slay+2}
   (You took it off an orc on level 6 of the Dungeon)

   Int:       It affects your intelligence (+2).
   Slay:      It affects your accuracy & damage with ranged weapons and melee
   (+2).
   rC:        It makes you vulnerable to cold.
 f - a +2 leather armour of fire resistance (worn)
Jewellery
 a - a ring of protection from fire (left hand)
Potions
 b - a potion of magic
 d - a potion of mutation {unknown}
 e - a potion of curing
 h - a potion of degeneration {unknown}
 k - a potion of might {unknown}


   Skills:
 - Level 2.4 Dodging
 - Level 1.4 Stealth
 - Level 3.0 Spellcasting
 * Level 6.7 Conjurations
 + Level 3.3 Transmutations
 + Level 7.3 Earth Magic
 * Level 4.5 Poison Magic


You had 3 spell levels left.
You knew the following spells:

 Your Spells              Type           Power      Damage    Failure   Level
a - Sandblast             Erth           60%        2d14      1%          1
b - Passwall              Tmut/Erth      19%        N/A       3%          2
c - Stone Arrow           Conj/Erth      58%        3d10      3%          3
d - Olgreb's Toxic Radia  Pois           19%        N/A       32%         4

Your spell library contained the following spells:

 Spells                   Type           Power      Damage    Failure   Level
 Petrify                  Tmut/Erth      23%        N/A       24%         4
 Discord                  Hex            1%         N/A       100%        8
 Ignition                 Fire           1%         3d3       100%        8


Dungeon Overview and Level Annotations

Branches:
Dungeon (7/15) Zot: 2721
 Temple: D:4-7

Altars:
Makhleb
Okawaru
Ru
Trog
Wu Jian
Xom
Yredelemnul
The Shining One

Annotations:
D:6 Pikel


Innate Abilities, Weirdness & Mutations

You passively map a small area around you.
You are easily found by Zot.
You glow in the dark.
You regain HP and MP as you explore.


Message History

You feel sick.
You feel sick.
You feel sick.
You feel sick.
You feel sick.
You feel sick.
You are no longer poisoned.
You see here 2 poisoned darts.
Pikel says, "Hell isn't that bad."
There is a stone staircase leading down here.
You climb downwards.
The scorpion misses you.
The orc priest hits you with a +0 hand axe.
The orc closely misses you. The black bear bites you.
The black bear closely misses you. x2; The orc hits you with a +0 club.
The scorpion stings you.
The orc priest hits you with a +0 hand axe.
The orc misses you. The orc closely misses you.
The black bear closely misses you. The black bear misses you.
The black bear claws you.
There is a stone staircase leading up here.
Unknown command.
The scorpion stings you!
The orc priest hits you but does no damage.
The black bear barely misses you. The black bear claws you. x2
The orc hits you with a +0 hand axe. The orc hits you with a +0 club.
You climb upwards.
Level annotation: Pikel The lemure hits you but does no damage.
Pikel barely misses you.
There is a stone staircase leading down here.
You aren't carrying any scrolls.
You feel yourself speed up.
Pikel hits you with a +2 whip of electrocution!
* * * LOW HITPOINT WARNING * * *
You are electrocuted!
* * * LOW HITPOINT WARNING * * *
The lemure hits you but does no damage.
You feel better. The lemure hits you.
* * * LOW HITPOINT WARNING * * *
Pikel hits you with a +2 whip of electrocution!
You die...

#.# #.# #.# ####
#.#
##################
...###.#
#o..K.5........(..
..[....#
#s################
.......# #h#
.....>.####### #5#
........##...# #@#
#..##...##...# #K#
#...#...##...#
#o#* *
###.....##<..# #o#
* ##....##...# #.#
, #...)##...# #.#
##.)#))[...# #.#,
*
###..##......###.#
.................#


You could see Pikel, a black bear, a lemure, a scorpion, an orc priest and 2
orcs.

Vanquished Creatures
  A water moccasin (D:6)
  A sky beast (D:6)
  A black bear (D:3)
  An ogre (D:6)
  A lemure (D:6)
  A bullfrog (D:6)
  A scorpion (D:4)
  The ghost of diceflayer the Chopper, a weakling DsGl (D:3)
  A crimson imp (D:3)
  3 hounds
  3 orc priests (D:6)
  2 jellies
  An iguana (D:4)
  An orc wizard (D:3)
  4 gnolls (D:4)
  6 adders
  A shadow imp (D:5)
  14 orcs
  3 ball pythons
  3 endoplasms
  A giant cockroach (D:2)
  8 hobgoblins
  2 quokkas
  2 bats
  A frilled lizard (D:3)
  2 goblins
  9 kobolds
75 creatures vanquished.

Notes
Turn   | Place    | Note
-------+----------+-------------------------------------------
     0 | D:1      | redmage the Meteoran Earth Elementalist began the quest for
                  | the Orb.
     0 | D:1      | Reached XP level 1. HP: 14/14 MP: 5/5
    77 | D:2      | Reached XP level 2. HP: 20/20 MP: 2/6
    82 | D:2      | Reached skill level 4 in Earth Magic
    82 | D:2      | Found a faded altar of an unknown god.
   128 | D:3      | Found a shimmering altar of Xom.
   128 | D:3      | Found a burning altar of Makhleb.
   128 | D:3      | Noticed a crimson imp
   134 | D:3      | Killed a crimson imp
   135 | D:3      | Reached skill level 5 in Earth Magic
   135 | D:3      | Reached XP level 3. HP: 12/26 MP: 2/8
   135 | D:3      | Reached XP level 4. HP: 15/33 MP: 2/9
   138 | D:3      | Learned a level 2 spell: Passwall
   142 | D:3      | Learned a level 3 spell: Stone Arrow
   166 | D:3      | Reached skill level 1 in Conjurations
   194 | D:3      | Found a glowing golden altar of the Shining One.
   202 | D:3      | Found a basalt altar of Yredelemnul.
   229 | D:3      | Found an ornate altar of the Wu Jian Council.
   255 | D:3      | Reached XP level 5. HP: 36/38 MP: 4/10
   302 | D:3      | Found a runed translucent gate.
   303 | D:3      | Found a runed translucent gate.
   306 | D:3      | Found a runed translucent gate.
   308 | D:3      | Noticed diceflayer's ghost (weakling DsGl)
   309 | D:3      | Noticed a black bear
   458 | D:3      | Killed diceflayer's ghost
   459 | D:3      | Reached skill level 6 in Earth Magic
   459 | D:3      | Reached XP level 6. HP: 45/45 MP: 4/11
   486 | D:3      | Killed a black bear
   568 | D:4      | Learned a level 4 spell: Olgreb's Toxic Radiance
   571 | D:4      | Found a sacrificial altar of Ru.
   621 | D:4      | Reached XP level 7. HP: 50/50 MP: 9/12
   709 | D:4      | Reached skill level 5 in Conjurations
   709 | D:4      | Reached skill level 1 in Poison Magic
   727 | D:5      | Entered Level 5 of the Dungeon
   972 | D:4      | Found an iron altar of Okawaru.
  1052 | D:5      | Found a bloodstained altar of Trog.
  1157 | D:6      | Identified the +1 ring mail of Winter {rC- Int+2 Slay+2}
  1158 | D:6      | Reached XP level 8. HP: 57/57 MP: 6/13
  1202 | D:6      | Reached skill level 7 in Earth Magic
  1320 | D:7      | Noticed a steam dragon
  1388 | D:6      | Noticed Pikel
  1420 | D:6      | HP: 1/57 [Pikel/+2 whip of electrocution (15)]
  1421 | D:6      | Mangled by Pikel

Illustrated notes

Levels and vault maps discovered:
D:1:      eino_arrival_cavern_a, layout_basic, serial_shops,
          nicolae_diamond_shop
D:2:      layout_rooms, ebering_ecumenical_altar_mist, minmay_indecisive_spiral
D:3:      layout_basic, grunt_temple_overflow_champion_of_chaos,
          general_overflow_altar, grunt_temple_overflow_holy_war,
          gammafunk_ghost_split
D:4:      layout_gridville, amcnicky_altar_gilded, kennysheep_mini_moat,
          kennysheep_generic_room_2
D:5:      layout_basic, marbit_many_paths, chequers_mini_garden
D:6:      layout_basic, nemelex_dance_club_becter,
          nicolae_qazlal_beasts_of_the_sky, mainiacjoe_overflow_surrounded_room,
          minmay_temple_entry_glass, palyth_stone_intersect, uniq_pikel
D:7:      layout_basic, nicolae_elyvilon_temple_path, grunt_ministairs_9,
          lightli_minifort

Skill      XL: |  1  2  3  4  5  6  7  8 |
---------------+-------------------------+-----
Earth Magic    | 5 6 7 |  7.3
Spellcasting   | 3 |  3.0
Conjurations   | 1 3 4 5 6 |  6.7
Poison Magic   | 2 4 |  4.5
Transmutations | 2 3 |  3.3
Dodging        | |  2.4
Stealth        | |  1.4

Action                     |  1- 3 |  4- 6 |  7- 9 || total
---------------------------+-------+-------+-------++-------
  Melee: Unarmed           |     2 |       |       ||     2
         Dagger            |       |    13 |     6 ||    19
         Punch             |       |     1 |       ||     1
   Cast: Sandblast         |    19 |    33 |    59 ||   111
         Stone Arrow       |       |     9 |    15 ||    24
         Passwall          |       |     2 |     4 ||     6
    Use: Scroll            |       |     4 |     2 ||     6
         Potion            |       |       |     2 ||     2
   Stab: Sleeping          |       |       |     1 ||     1
 Armour: Robe              |     2 |     2 |       ||     4
         Leather armour    |       |    19 |    20 ||    39
  Dodge: Dodged            |       |    23 |    37 ||    60
